[Event "FIDE World Rapid Chess Championship 2021"]
[White "Corrales Jimenez, Fidel"]
[Black "Sargsyan, Shant"]
[WhiteFideId "3506690"]
[BlackFideId "13306766"]
[WhiteElo "2561"]
[BlackElo "2344"]
[Result "0-1"]
[Round "08"]
[TimeControl "900+10"]
[Date "2021.12.27"]
[WhiteClock "0:02:53"]
[BlackClock "0:00:00"]

1. e4 e5 2. Nf3 Nc6 3. Bb5 a6 4. Ba4 Nf6 5. O-O Be7 6. Re1 b5 7. Bb3 O-O 8. h3 Bb7 9. d3 d5 10. exd5 Nxd5 11. Nc3 Nxc3 12. bxc3 Bd6 13. Bg5 Qd7 14. Bh4 Rae8 15. Bg3 Qf5 16. Bd5 Nd8 17. Bxb7 Nxb7 18. a4 f6 19. axb5 axb5 20. Qb1 Qd7 21. c4 b4 22. c3 c5 23. d4 exd4 24. Rxe8 Rxe8 25. Bxd6 Qxd6 26. cxd4 cxd4 27. Ra4 Nc5 28. Rxb4 d3 29. Rb6 Qf4 30. Qa2 Qc1+ 31. Kh2 Qf4+ 32. Kg1 Qe4 33. Rb5 Ra8 34. Qb1 Qxc4 35. Rb8+ Rxb8 36. Qxb8+ Kf7 37. Qc7+ Kg6 38. g4 h5 39. Nh4+ Kg5 40. Qg3 hxg4 41. Nf3+ Kf5 42. Nh4+ Ke6 43. hxg4 d2 44. Qe3+ Ne4 45. Qb6+ Kd5 46. Kg2 d1=Q 47. Nf3 Qcf1+ 0-1


[Site "http://www.Chess.com"]

[Event "FIDE World Rapid Chess Championship 2021"]
[White "Gukesh, D"]
[Black "Theodorou, Nikolas"]
[WhiteFideId "46616543"]
[BlackFideId "4262875"]
[WhiteElo "2050"]
[BlackElo "2559"]
[Result "1-0"]
[Round "08"]
[TimeControl "900+10"]
[Date "2021.12.27"]
[WhiteClock "0:00:43"]
[BlackClock "0:00:12"]

1. d4 Nf6 2. c4 g6 3. Nc3 Bg7 4. e4 d6 5. Nf3 O-O 6. Be2 b6 7. O-O e5 8. Be3 Nc6 9. d5 Ne7 10. Ne1 Nd7 11. Nd3 f5 12. f3 f4 13. Bf2 g5 14. b4 h5 15. c5 Nf6 16. a4 Ng6 17. a5 bxc5 18. bxc5 g4 19. Nb4 g3 20. hxg3 fxg3 21. Bxg3 h4 22. Nc6 Qd7 23. Bh2 Bh6 24. Bb5 Be3+ 25. Kh1 Nh5 26. Qe1 Ng3+ 27. Bxg3 hxg3 28. Qxg3 Kg7 29. Rf2 Rh8+ 30. Kg1 Bf4 31. Nxe5 Bxg3 32. Nxd7 Nf4 33. Ne2 Nxe2+ 34. Rxe2 Rh6 35. Rea2 Bb7 36. Kf1 Rd8 37. c6 Bc8 38. Ke2 Bf4 39. Kd3 Kf7 40. Rb1 Rg8 41. Bc4 Ke7 42. a6 Rh2 43. Rb7 Rh1 44. Rxc7 Rd1+ 45. Kc3 Kd8 46. Rxa7 Be3 47. Ra8 Bd4+ 48. Kc2 Rg1 49. Kd3 Ba1 50. a7 Kc7 51. Rb8 Rd1+ 52. Kc2 1-0


[Site "http://www.Chess.com"]

[Event "FIDE World Rapid Chess Championship 2021"]
[White "Mastrovasilis, Dimitrios"]
[Black "Artemiev, Vladislav"]
[WhiteFideId "4202694"]
[BlackFideId "24101605"]
[WhiteElo "2534"]
[BlackElo "2714"]
[Result "1/2-1/2"]
[Round "08"]
[TimeControl "900+10"]
[Date "2021.12.27"]
[WhiteClock "0:00:42"]
[BlackClock "0:00:23"]

1. e4 c5 2. Nf3 d6 3. Bb5+ Nd7 4. d4 cxd4 5. Qxd4 a6 6. Bxd7+ Bxd7 7. Nc3 e5 8. Qd3 h6 9. Nd2 Be6 10. Nc4 Rc8 11. Ne3 Nf6 12. O-O Be7 13. a4 O-O 14. a5 Qc7 15. Rd1 Rfd8 16. Bd2 d5 17. Ncxd5 Bxd5 18. exd5 Bc5 19. Rac1 Bxe3 20. Qxe3 Nxd5 21. Qg3 Qd6 22. h3 Ne7 23. Qf3 Qc6 24. Qxc6 Nxc6 25. Kf1 f6 26. c4 Kf7 27. Bc3 Ke6 28. Ke2 Ne7 29. Rxd8 Rxd8 30. Ra1 h5 31. Ra3 Rc8 32. Rb3 Rc7 33. Rb6+ Kd7 34. Kd3 Nc8 35. Rb4 Ke6 36. h4 Rd7+ 37. Ke2 Nd6 38. Rb6 Kf5 39. b3 Nc8 40. Rb4 Ne7 41. Rb6 Kg4 42. g3 Kf5 43. Bd2 Nc6 44. Bc3 g5 45. hxg5 fxg5 46. b4 Nd4+ 47. Bxd4 exd4 48. Rh6 d3+ 49. Kd2 Kg4 50. b5 axb5 51. cxb5 h4 52. gxh4 gxh4 53. a6 bxa6 54. bxa6 Kg5 55. Rh8 Ra7 56. Rg8+ Kf5 57. Rh8 Kg5 58. Rg8+ Kf4 59. Rh8 Kg4 60. Rg8+ Kf3 61. Rh8 Rxa6 62. Rxh4 Kxf2 63. Kxd3 1/2-1/2


[Site "http://www.Chess.com"]

[Event "FIDE World Rapid Chess Championship 2021"]
[White "Christiansen, Johan-Sebastian"]
[Black "Sargissian, Gabriel"]
[WhiteFideId "1512668"]
[BlackFideId "13300881"]
[WhiteElo "2522"]
[BlackElo "2693"]
[Result "1/2-1/2"]
[Round "08"]
[TimeControl "900+10"]
[Date "2021.12.27"]
[WhiteClock "0:00:51"]
[BlackClock "0:01:40"]

1. e4 e5 2. Nf3 Nc6 3. d4 exd4 4. Nxd4 Qf6 5. Be3 Bc5 6. c3 Nge7 7. Bc4 b6 8. O-O Bb7 9. Nb3 Ne5 10. Nxc5 bxc5 11. Nd2 Nxc4 12. Nxc4 Ba6 13. b3 Bxc4 14. bxc4 Qc6 15. e5 Nf5 16. Qd3 Nxe3 17. Qxe3 O-O 18. Rfd1 Rfe8 19. Rd5 d6 20. Qf4 Rxe5 21. Rxe5 dxe5 22. Qxe5 Re8 23. Qg3 g6 24. h3 Re2 25. Rd1 Qf6 26. Rd5 Rxa2 27. Rxc5 c6 28. Qe3 Ra1+ 29. Kh2 Qd6+ 30. f4 Re1 31. Qd4 Qxd4 32. cxd4 Re4 33. Rxc6 Rxd4 34. Kg3 1/2-1/2


[Site "http://www.Chess.com"]

[Event "FIDE World Rapid Chess Championship 2021"]
[White "Mamedov, Rauf"]
[Black "Moroni, Luca Jr"]
[WhiteFideId "13401653"]
[BlackFideId "865834"]
[WhiteElo "2690"]
[BlackElo "2519"]
[Result "0-1"]
[Round "08"]
[TimeControl "900+10"]
[Date "2021.12.27"]
[WhiteClock "0:00:06"]
[BlackClock "0:00:45"]

1. e4 g6 2. d4 Bg7 3. Nf3 d6 4. Bc4 Nf6 5. Qe2 O-O 6. e5 dxe5 7. dxe5 Nd5 8. h3 Be6 9. O-O Nd7 10. Bb3 Nc5 11. Rd1 Nxb3 12. axb3 Qc8 13. c4 Nb4 14. Nc3 c5 15. Bg5 Re8 16. Nd5 Bxd5 17. cxd5 Qf5 18. Rd2 h6 19. Bh4 b6 20. Bg3 Rad8 21. Qc4 a6 22. Rad1 g5 23. Re1 Rd7 24. Red1 Red8 25. d6 exd6 26. exd6 Re8 27. Re2 Rxe2 28. Qxe2 Qe6 29. Qd2 f5 30. Re1 Qd5 31. Re8+ Kf7 32. Qe2 f4 33. Re7+ Rxe7 34. Qxe7+ Kg8 35. d7 Nc6 36. Qe8+ Kh7 37. Bh2 Qd1+ 38. Ne1 Ne5 39. Bxf4 Qxe1+ 40. Kh2 gxf4 41. d8=Q Nf3+ 42. gxf3 Qxf2+ 43. Kh1 Qf1+ 44. Kh2 Qf2+ 45. Kh1 Qxf3+ 46. Kg1 Bd4+ 47. Qxd4 Qg3+ 48. Kf1 cxd4 49. Qe4+ Qg6 50. Qxd4 Qb1+ 51. Kf2 Qc2+ 52. Kf3 Qxb3+ 53. Kxf4 Qf7+ 54. Ke3 b5 55. b4 Qc7 56. h4 Qg3+ 57. Ke2 Kg6 58. Qb6+ Kh5 59. Qxa6 Qg4+ 60. Ke3 Qxb4 61. Qf6 Qc5+ 62. Kf3 Qd5+ 63. Kf4 b4 64. Qg7 Qd2+ 65. Ke4 Qe1+ 66. Kd5 0-1


[Site "http://www.Chess.com"]

[Event "FIDE World Rapid Chess Championship 2021"]
[White "Nihal, Sarin"]
[Black "Demchenko, Anton"]
[WhiteFideId "25092340"]
[BlackFideId "4160258"]
[WhiteElo "2500"]
[BlackElo "2666"]
[Result "1/2-1/2"]
[Round "08"]
[TimeControl "900+10"]
[Date "2021.12.27"]
[WhiteClock "0:00:44"]
[BlackClock "0:01:19"]

1. d4 d5 2. Nf3 Nf6 3. c3 e6 4. Bg5 Be7 5. Nbd2 b6 6. e3 Bb7 7. Bd3 Nbd7 8. O-O O-O 9. a4 a5 10. Qb1 h6 11. Bh4 Nh5 12. Bxe7 Qxe7 13. b4 e5 14. dxe5 Nxe5 15. Nxe5 Qxe5 16. Nf3 Qxc3 17. Rc1 Qxb4 18. Rxc7 Ba6 19. Bxa6 Rxa6 20. Qd3 Raa8 21. Qxd5 Nf6 22. Qc4 Qxc4 23. Rxc4 Rfc8 24. Rac1 Rxc4 25. Rxc4 Nd7 26. Kf1 Nc5 27. Ke2 Kf8 28. Nd2 Ke7 29. Ne4 Nxe4 30. Rxe4+ Kd6 31. Kd3 Rc8 32. Rd4+ Ke6 33. Re4+ Kd6 34. Rd4+ Ke6 35. Rc4 Rd8+ 36. Ke2 Rb8 37. Kd3 b5 38. Rc6+ Kd7 39. axb5 Rxb5 40. Ra6 Rb2 41. Ra7+ Ke6 42. Ra6+ Ke7 43. Ra7+ Kf6 44. Ra6+ Ke7 45. Ra7+ Kf6 46. Ra6+ Ke7 47. Ra7+ Kf6 48. Ra6+ Ke5 1/2-1/2


[Site "http://www.Chess.com"]

[Event "FIDE World Rapid Chess Championship 2021"]
[White "Costachi, Mihnea"]
[Black "Riazantsev, Alexander"]
[WhiteFideId "1217518"]
[BlackFideId "4125029"]
[WhiteElo "2443"]
[BlackElo "2632"]
[Result "1/2-1/2"]
[Round "08"]
[TimeControl "900+10"]
[Date "2021.12.27"]
[WhiteClock "0:01:05"]
[BlackClock "0:01:29"]

1. d4 Nf6 2. c4 e6 3. Nf3 d5 4. Nc3 a6 5. cxd5 exd5 6. Bg5 c6 7. Qc2 Be6 8. e3 Nbd7 9. Bd3 Bd6 10. Bf4 Qc7 11. Bxd6 Qxd6 12. O-O h6 13. Na4 O-O 14. Nc5 Nxc5 15. Qxc5 Qxc5 16. dxc5 a5 17. b3 Nd7 18. Rfc1 Rfe8 19. a3 Ra7 20. h3 g6 21. Kf1 Nf8 22. Nd4 Bd7 23. Ke2 Kg7 24. Kd2 Ne6 25. Rab1 Kf6 26. Rb2 Raa8 27. Ra2 Ra7 28. Rb2 Ng7 29. Ra2 Bf5 30. Bxf5 Nxf5 31. Nxf5 Kxf5 32. Kd3 h5 33. Rcc2 h4 34. Rcb2 g5 35. Kc3 Re4 36. Rd2 Kg6 37. Rd4 f5 38. Rxe4 fxe4 39. Kd4 Kf5 40. f3 exf3 41. gxf3 Ra8 42. Rg2 Re8 43. Rg4 Kf6 44. Kd3 Re5 45. f4 gxf4 46. Rxf4+ Kg5 47. Rg4+ Kh5 48. Rg7 Rf5 49. Ke2 Re5 50. Kd3 Rf5 51. Rxb7 Rf3 52. b4 axb4 53. axb4 Rxh3 54. b5 cxb5 55. c6 Rh1 56. Rxb5 Rc1 57. Rxd5+ Kg6 58. Rd6+ Kg5 59. Rd5+ Kg6 60. Rd4 h3 61. Rh4 Rxc6 62. Rxh3 Kf7 63. Rh7+ Ke8 64. e4 Ra6 65. Ke3 Ra5 66. Kf4 Ra4 67. Kf5 Ra5+ 68. e5 Ra6 69. Rb7 Rc6 70. Ke4 Ra6 71. Rc7 Rb6 72. Kd5 Ra6 73. Rb7 Rh6 74. Rb1 Ke7 75. Rd1 Ra6 76. Ke4 Ke6 77. Rd4 Rb6 78. Rd6+ Rxd6 79. exd6 Kxd6 1/2-1/2


[Site "http://www.Chess.com"]

[Event "FIDE World Rapid Chess Championship 2021"]
[White "Mikhalevski, Victor"]
[Black "Heimann, Andreas"]
[WhiteFideId "2801914"]
[BlackFideId "24624632"]
[WhiteElo "2366"]
[BlackElo "2616"]
[Result "0-1"]
[Round "08"]
[TimeControl "900+10"]
[Date "2021.12.27"]
[WhiteClock "0:07:08"]
[BlackClock "0:11:26"]

1. Nf3 d5 2. g3 c5 3. Bg2 Nf6 4. O-O g6 5. d4 cxd4 6. Nxd4 Bg7 7. Nb3 Nc6 8. Nc3 e6 9. e4 d4 10. Na4 e5 11. c3 O-O 12. cxd4 exd4 13. Nac5 Re8 14. Re1 Qb6 15. h3 a5 16. Nd3 Nd7 17. Bd2 a4 18. Nbc1 Nde5 19. Rb1 Nxd3 20. Nxd3 Be6 21. Ra1 Bc4 22. Bf1 Bxd3 23. Bxd3 Qxb2 24. Bc4 Ne5 25. Be2 d3 26. Bg4 Nxg4 27. Rb1 Nxf2 28. Kxf2 Qxa2 29. Rxb7 a3 30. Kg1 Qe6 31. e5 Bxe5 32. Bc3 Qd5 0-1


[Site "http://www.Chess.com"]

[Event "FIDE World Rapid Chess Championship 2021"]
[White "Quparadze, Giga"]
[Black "Petrosyan, Manuel"]
[WhiteFideId "13602250"]
[BlackFideId "13300857"]
[WhiteElo "2583"]
[BlackElo "2514"]
[Result "1/2-1/2"]
[Round "08"]
[TimeControl "900+10"]
[Date "2021.12.27"]
[WhiteClock "0:06:28"]
[BlackClock "0:00:52"]

1. e4 e5 2. Nf3 Nc6 3. Bb5 a6 4. Ba4 Nf6 5. Qe2 b5 6. Bb3 Bc5 7. c3 O-O 8. d3 h6 9. O-O Re8 10. Nh4 d5 11. exd5 Nxd5 12. Qf3 Be6 13. Nf5 Bf8 14. Nd2 g6 15. Ne3 Nxe3 16. fxe3 Qd7 17. Ne4 Be7 18. d4 Bxb3 19. axb3 f5 20. Nf2 e4 21. Qh3 Bg5 22. g4 Kh7 23. gxf5 gxf5 24. Nh1 Rg8 25. Ng3 Ne7 26. Bd2 Qe6 27. Ra3 Raf8 28. Kh1 Ng6 29. c4 bxc4 30. bxc4 Qxc4 31. Rc3 Qf7 32. Rc5 Nh4 33. Nxe4 Be7 34. Rxc7 Rg7 35. Nc3 Rfg8 36. Be1 Ng2 37. Rc6 Rg6 38. Rxg6 Rxg6 39. Rg1 Nxe1 40. Rxe1 Bb4 41. Rf1 Qb7+ 42. Qf3 Qxf3+ 43. Rxf3 Bxc3 44. bxc3 Rc6 45. Rxf5 Rxc3 46. Re5 Rc2 47. Kg1 Ra2 48. h4 Kg6 49. h5+ Kf6 50. Kf1 a5 51. Ke1 a4 52. Ra5 a3 53. Kd1 Ra1+ 54. Kc2 a2 55. e4 Ke6 56. Ra6+ Ke7 57. e5 Ke8 58. Ra5 Kd7 59. Ra4 Kc6 60. e6 Kd5 61. e7 Re1 62. Kd3 Rxe7 63. Rxa2 Rg7 64. Ra5+ Kd6 65. Kc4 Rc7+ 66. Rc5 Ra7 67. Rf5 Ra4+ 68. Kc3 Ra3+ 69. Kc4 Ra4+ 70. Kd3 Ra1 71. Rb5 Rh1 72. Ra5 Rh2 73. Kc4 Rc2+ 74. Kb3 Rh2 75. Kc3 Rh1 76. Kd3 Rh2 77. Ke3 Rh3+ 78. Ke4 Rh4+ 79. Kd3 Rh2 80. Ke4 1/2-1/2


[Site "http://www.Chess.com"]

[Event "FIDE World Rapid Chess Championship 2021"]
[White "Alonso Rosell, Alvar"]
[Black "Ivic, Velimir"]
[WhiteFideId "2270544"]
[BlackFideId "950122"]
[WhiteElo "2571"]
[BlackElo "2357"]
[Result "0-1"]
[Round "08"]
[TimeControl "900+10"]
[Date "2021.12.27"]
[WhiteClock "0:00:28"]
[BlackClock "0:09:13"]

1. d4 Nf6 2. Bf4 g6 3. Nc3 d5 4. e3 Bg7 5. h4 h5 6. Nf3 O-O 7. Ne5 c5 8. Qd2 Nc6 9. f3 Bf5 10. dxc5 Qa5 11. Bb5 Nxe5 12. Bxe5 a6 13. Bd3 Bxd3 14. Qxd3 Qxc5 15. O-O-O e6 16. Kb1 Rac8 17. Qe2 Nd7 18. Bxg7 Kxg7 19. g4 Rh8 20. g5 Ne5 21. Rde1 Nc4 22. Nd1 Rhd8 23. Qd3 d4 24. exd4 Rxd4 25. Qc3 Nd2+ 26. Kc1 Qxc3 27. Nxc3 Nxf3 28. Re4 Rcc4 29. Re3 Nxh4 30. b3 Nf5 31. Rf3 Rc8 32. Re1 Rg4 0-1


[Site "http://www.Chess.com"]

[Event "FIDE World Rapid Chess Championship 2021"]
[White "Jumabayev, Rinat"]
[Black "Puranik, Abhimanyu"]
[WhiteFideId "13702661"]
[BlackFideId "5061245"]
[WhiteElo "2562"]
[BlackElo "2472"]
[Result "0-1"]
[Round "08"]
[TimeControl "900+10"]
[Date "2021.12.27"]
[WhiteClock "0:00:22"]
[BlackClock "0:04:28"]

1. Nf3 Nf6 2. c4 c5 3. Nc3 d5 4. cxd5 Nxd5 5. e3 e6 6. Bc4 Be7 7. O-O O-O 8. Qe2 b6 9. d4 cxd4 10. Bxd5 exd5 11. Nxd4 Bf6 12. Rd1 Bb7 13. b3 Re8 14. Bb2 Nd7 15. Nf5 Nc5 16. Rac1 Re5 17. Qg4 h5 18. Qf3 d4 19. e4 Nxe4 20. Rxd4 Nd6 21. Nh6+ gxh6 22. Qg3+ Bg7 23. Nb5 Qe8 24. f4 Nf5 0-1


[Site "http://www.Chess.com"]

[Event "FIDE World Rapid Chess Championship 2021"]
[White "Shoker, Samy"]
[Black "Babazada, Khazar"]
[WhiteFideId "627143"]
[BlackFideId "13413554"]
[WhiteElo "2550"]
[BlackElo "2170"]
[Result "0-1"]
[Round "08"]
[TimeControl "900+10"]
[Date "2021.12.27"]
[WhiteClock "0:01:33"]
[BlackClock "0:02:03"]

1. Nf3 g6 2. g3 Bg7 3. Bg2 d6 4. c4 Nc6 5. Nc3 Bd7 6. Rb1 Nf6 7. b4 Qc8 8. h3 e5 9. d3 O-O 10. b5 Nd8 11. a4 a6 12. h4 axb5 13. axb5 Re8 14. Nd2 Ne6 15. Bb2 Nd4 16. e3 Ne6 17. Nb3 h5 18. Ra1 Rb8 19. Ba3 Qd8 20. Qc2 Ng4 21. Ra2 f5 22. Nd5 c6 23. Bxd6 cxd5 24. Bxb8 Qxb8 25. cxd5 Nf8 26. b6 Rc8 27. Qd2 f4 28. Be4 fxe3 29. fxe3 Qd6 30. Na5 Bh6 31. Nc4 Qc5 32. Ra5 Qe7 33. d6 Qd8 34. O-O Be6 35. Qb4 Nxe3 36. Nxe3 Bxe3+ 37. Kh1 Bd4 38. Bd5 Bxd5+ 39. Rxd5 Qd7 40. Rxd4 Qh3+ 41. Kg1 Qxg3+ 42. Kh1 exd4 43. Qxd4 Qh3+ 44. Kg1 Qg4+ 45. Qxg4 hxg4 46. Rf4 Rd8 47. Rd4 Kf7 48. Kg2 Ne6 49. Rxg4 Rxd6 50. Rb4 Rxd3 51. Kf2 Kf6 52. Rb5 Rh3 53. Rb4 Rc3 54. Ke2 Kf5 55. Kd2 Rc6 56. Kd3 Nc5+ 57. Kd4 Nd7 58. Rb5+ Kg4 0-1


[Site "http://www.Chess.com"]

[Event "FIDE World Rapid Chess Championship 2021"]
[White "Sindarov, Javokhir"]
[Black "Piorun, Kacper"]
[WhiteFideId "14205483"]
[BlackFideId "1130420"]
[WhiteElo "2353"]
[BlackElo "2547"]
[Result "0-1"]
[Round "08"]
[TimeControl "900+10"]
[Date "2021.12.27"]
[WhiteClock "0:00:02"]
[BlackClock "0:01:38"]

1. e4 e5 2. Nf3 Nc6 3. Bc4 Bc5 4. b4 Bxb4 5. c3 Be7 6. d4 Na5 7. Bd3 d6 8. dxe5 dxe5 9. Nxe5 Nf6 10. O-O O-O 11. Qc2 Nd7 12. Nxd7 Bxd7 13. Nd2 Be6 14. e5 g6 15. f4 Qd7 16. Ne4 Rad8 17. Ba3 f5 18. Nf6+ Bxf6 19. Bxf8 Kxf8 20. exf6 Qxd3 21. Qf2 Kf7 22. Qxa7 Qa6 23. Qc5 Qb6 24. Qxb6 cxb6 25. Rfd1 Ra8 26. a4 Nb3 27. Rab1 Rxa4 28. Rd6 Nc5 29. g3 Rc4 30. Rdxb6 Rxc3 31. Re1 Kxf6 32. Re5 Ke7 33. Kg2 Rc2+ 34. Kh3 Kd7 35. Rb5 Kd6 36. Rb6+ Ke7 37. Rb5 Nd3 38. Rxb7+ Kf6 39. Ra5 Nf2+ 40. Kh4 Ng4 41. h3 Rh2 42. Ra3 h6 43. Rg7 g5+ 44. fxg5+ Kxg7 45. gxh6+ Nxh6 0-1


[Site "http://www.Chess.com"]

[Event "FIDE World Rapid Chess Championship 2021"]
[White "Tari, Aryan"]
[Black "Kosakowski, Jakub"]
[WhiteFideId "1510045"]
[BlackFideId "1185080"]
[WhiteElo "2542"]
[BlackElo "2304"]
[Result "1/2-1/2"]
[Round "08"]
[TimeControl "900+10"]
[Date "2021.12.27"]
[WhiteClock "0:01:36"]
[BlackClock "0:01:26"]

1. e4 c5 2. Nc3 Nc6 3. f4 e6 4. Nf3 a6 5. g3 d5 6. Bg2 dxe4 7. Nxe4 Be7 8. d3 Nf6 9. O-O Qc7 10. Qe1 O-O 11. Nfg5 Nd5 12. c3 h6 13. Nf3 Bd7 14. Qf2 b6 15. a3 Rad8 16. Ned2 Bc8 17. Nc4 Bb7 18. Qe2 b5 19. Nce5 Na5 20. Bd2 Nb3 21. Rae1 Nxd2 22. Nxd2 b4 23. Rc1 bxc3 24. bxc3 Rfe8 25. Ndc4 Bf8 26. Be4 Rb8 27. g4 f6 28. Ng6 Bd6 29. Qf3 Ba8 30. Rc2 Rbd8 31. f5 Qf7 32. h4 Bc7 33. fxe6 Rxe6 34. Qf5 Rxe4 35. dxe4 Ne7 36. Nxe7+ Qxe7 37. e5 Bd5 38. Ne3 Bxe5 39. Nxd5 Rxd5 40. Qf3 Qd7 41. Rb2 Rd3 42. Qa8+ Kh7 43. Qe4+ Kg8 44. Rf3 Rd1+ 45. Kg2 Rd2+ 46. Rf2 Rd3 47. Rf3 Rd2+ 48. Rxd2 Qxd2+ 49. Kg1 Qc1+ 50. Kf2 Qb2+ 51. Qe2 Qxa3 52. g5 Qa4 53. c4 hxg5 54. hxg5 Qd7 55. Qd3 Bd4+ 56. Kf1 fxg5 57. Qe4 Qc8 58. Qd5+ Kh7 59. Qxg5 Qe6 60. Qh5+ Kg8 61. Qd5 Qxd5 62. cxd5 Bf6 63. Ra3 c4 64. Rxa6 Kf7 65. Ke2 c3 66. Rc6 Ke7 67. Kf3 Kd7 68. Ke4 Ke7 69. Kd3 Kd7 70. Kc4 Be5 71. Kc5 g5 72. d6 c2 73. Kd5 c1=Q 74. Rxc1 Bxd6 75. Rc6 Bf4 76. Re6 Kc7 77. Rg6 Kb7 78. Kc5 Be3+ 79. Kc4 Kc7 80. Kd3 Bf4 81. Kd4 Kb7 82. Kc5 Be3+ 83. Kd6 Kb6 84. Re6 Bf4+ 85. Kd5+ Kb5 86. Re4 Kb6 87. Rb4+ Kc7 88. Rb1 Be3 89. Re1 Bf4 90. Kc5 Kd7 91. Re4 Bd6+ 92. Kd5 Bf4 93. Rc4 Ke7 94. Rc6 Kf7 95. Ke4 1/2-1/2


[Site "http://www.Chess.com"]

[Event "FIDE World Rapid Chess Championship 2021"]
[White "Teclaf, Pawel"]
[Black "Oparin, Grigoriy"]
[WhiteFideId "1185934"]
[BlackFideId "24125890"]
[WhiteElo "2345"]
[BlackElo "2725"]
[Result "1/2-1/2"]
[Round "08"]
[TimeControl "900+10"]
[Date "2021.12.27"]
[WhiteClock "0:00:33"]
[BlackClock "0:00:35"]

1. e4 e5 2. Nf3 Nc6 3. Nc3 Nf6 4. d4 exd4 5. Nxd4 Bc5 6. Be3 Bxd4 7. Bxd4 O-O 8. Bc4 d6 9. O-O Be6 10. Bb3 Nd7 11. Be3 Re8 12. Qd2 Na5 13. Rad1 Nxb3 14. axb3 f6 15. Rfe1 Bf7 16. f3 Ne5 17. Ne2 a5 18. Bd4 Qd7 19. Nc3 b5 20. Bf2 a4 21. bxa4 bxa4 22. Nd5 Qc6 23. Nb4 Qc4 24. Nd3 Reb8 25. Ra1 h6 26. Rec1 Qb5 27. Bd4 Bc4 28. Ra3 Qb7 29. Qf2 Bxd3 30. cxd3 c5 31. Bxe5 fxe5 32. Rc2 Qd7 33. Rc4 Rb4 34. h3 Rab8 35. Ra2 Qb5 36. Qf1 Rxb2 37. Rxb2 Qxb2 38. Rxa4 Rb3 39. f4 Qc2 40. Ra8+ Kh7 41. Kh2 Qxd3 42. Qxd3 Rxd3 43. fxe5 dxe5 44. Re8 Rd7 45. Rc8 Rd4 46. Rxc5 Rxe4 47. Kg3 Kg6 48. Kf3 Rf4+ 49. Ke3 Kf6 50. Rc6+ Kf5 51. Rc7 g6 52. Rh7 h5 53. Rf7+ Kg5 54. Rxf4 exf4+ 55. Ke4 1/2-1/2


[Site "http://www.Chess.com"]

[Event "FIDE World Rapid Chess Championship 2021"]
[White "Janik, Igor"]
[Black "Kovalev, Vladislav"]
[WhiteFideId "1159259"]
[BlackFideId "13504398"]
[WhiteElo "2462"]
[BlackElo "2647"]
[Result "1/2-1/2"]
[Round "08"]
[TimeControl "900+10"]
[Date "2021.12.27"]
[WhiteClock "0:02:31"]
[BlackClock "0:00:17"]

1. d4 Nf6 2. c4 e6 3. Nf3 Bb4+ 4. Nbd2 O-O 5. g3 d5 6. Bg2 dxc4 7. Qc2 c5 8. dxc5 c3 9. bxc3 Bxc5 10. Nb3 Bd6 11. O-O Qe7 12. c4 Nc6 13. c5 Bc7 14. Rd1 e5 15. Bb2 h6 16. Nfd2 Rd8 17. Nc4 Be6 18. Ba3 Ne8 19. e4 Rxd1+ 20. Rxd1 Rd8 21. Ne3 Rxd1+ 22. Qxd1 Qd7 23. Nd5 Bd8 24. Nd2 b5 25. cxb6 Bxb6 26. Qa4 Kh7 27. Nc4 Bd4 28. Qb5 Nf6 29. Bb2 Bxb2 30. Nxb2 Nd4 31. Qxd7 Nxd7 32. Nd3 f6 33. f4 Kg8 34. Kf2 exf4 35. N3xf4 Bf7 36. Ke3 Nc6 37. Nd3 Kf8 38. a3 Ke8 39. h4 Nb6 40. Nc5 Nc4+ 41. Kd3 Nxa3 42. Bh3 Ne5+ 43. Kc3 Nb5+ 44. Kb4 Nd6 45. Nc7+ Ke7 46. Nd5+ Kf8 47. Nc7 h5 48. Be6 Nc6+ 49. Kc3 Bxe6 50. N7xe6+ Kf7 51. Nf4 g6 52. Nd5 Ne7 53. Kd4 Nxd5 54. Kxd5 Ke7 55. e5 fxe5 56. Kxe5 Nf5 57. Kf4 Kf6 58. g4 Nxh4 59. Ne4+ Ke6 60. gxh5 gxh5 61. Kg5 Ke5 62. Nc5 Kd5 63. Na6 Nf3+ 64. Kxh5 Ne5 65. Kg5 Nd3 66. Kf5 Nc5 67. Nb4+ Kd6 68. Kf4 a5 69. Nc2 Kd5 70. Ke3 Kc4 71. Kd2 Nb3+ 72. Kd1 Kc3 73. Ne3 a4 74. Nd5+ Kd4 1/2-1/2


[Site "http://www.Chess.com"]

[Event "FIDE World Rapid Chess Championship 2021"]
[White "Sychev, Klementy"]
[Black "Antipov, Mikhail Al."]
[WhiteFideId "4114060"]
[BlackFideId "4107012"]
[WhiteElo "2461"]
[BlackElo "2644"]
[Result "1-0"]
[Round "08"]
[TimeControl "900+10"]
[Date "2021.12.27"]
[WhiteClock "0:00:26"]
[BlackClock "0:00:19"]

1. c4 g6 2. Nc3 Bg7 3. d4 c5 4. e3 d6 5. Nf3 Nf6 6. d5 O-O 7. Be2 e5 8. e4 Nh5 9. g3 Nd7 10. Bg5 Bf6 11. Be3 Be7 12. Nd2 Ndf6 13. h3 Ng7 14. g4 Nfe8 15. Nf3 a6 16. Rg1 Rb8 17. a4 b6 18. Qd2 Bd7 19. h4 Nf6 20. Nh2 h5 21. g5 Nh7 22. f4 exf4 23. Bxf4 f6 24. gxf6 Bxf6 25. Rxg6 Be8 26. Rg2 Bxh4+ 27. Kd1 Bf6 28. Kc2 Rb7 29. Rag1 Bd4 30. Be3 Qf6 31. Nf3 Bxe3 32. Qxe3 Kh8 33. Rf1 Re7 34. Bd3 Qf4 35. Qe1 Nf5 36. Nd1 Qxf3 37. Rxf3 Nd4+ 38. Kb1 Rxf3 39. Qh4 Re5 40. Nf2 Nf6 41. a5 bxa5 42. Qh2 Kh7 43. Rg3 Bg6 44. Rxf3 Nxf3 45. Qf4 Nxe4 46. Nxe4 1-0


[Site "http://www.Chess.com"]

[Event "FIDE World Rapid Chess Championship 2021"]
[White "Adly, Ahmed"]
[Black "Faizrakhmanov, Ramil"]
[WhiteFideId "10601619"]
[BlackFideId "24103209"]
[WhiteElo "2597"]
[BlackElo "2461"]
[Result "1-0"]
[Round "08"]
[TimeControl "900+10"]
[Date "2021.12.27"]
[WhiteClock "0:01:47"]
[BlackClock "0:00:50"]

1. d4 Nf6 2. Nf3 e6 3. g3 b5 4. Bg2 Bb7 5. O-O d5 6. a4 b4 7. Ne5 Nbd7 8. c4 bxc3 9. Nxc3 Nxe5 10. dxe5 Nd7 11. e4 c6 12. exd5 cxd5 13. Re1 Bb4 14. Qg4 Bxc3 15. bxc3 g6 16. Ba3 Rc8 17. Rab1 Ba8 18. Bf1 Nb6 19. Bb5+ Bc6 20. Ba6 Nc4 21. Bb4 Rb8 22. Bxc4 dxc4 23. Bd6 Rc8 24. Qf4 h5 25. Rb4 h4 26. g4 h3 27. Reb1 g5 28. Qe3 Rh4 29. f3 f5 30. Rb8 Bd7 31. Rxc8 Bxc8 32. Rb8 fxg4 33. Qc5 Kf7 34. Rxc8 Qb6 35. Qxb6 axb6 36. Rxc4 1-0


[Site "http://www.Chess.com"]

[Event "FIDE World Rapid Chess Championship 2021"]
[White "Sadhwani, Raunak"]
[Black "Halkias, Stelios"]
[WhiteFideId "35093487"]
[BlackFideId "4201809"]
[WhiteElo "2454"]
[BlackElo "2576"]
[Result "1-0"]
[Round "08"]
[TimeControl "900+10"]
[Date "2021.12.27"]
[WhiteClock "0:01:18"]
[BlackClock "0:00:43"]

1. c4 Nf6 2. Nc3 g6 3. e4 d6 4. d4 Bg7 5. Nf3 O-O 6. Be2 e5 7. O-O exd4 8. Nxd4 Re8 9. f3 c6 10. Nc2 d5 11. cxd5 cxd5 12. exd5 Nbd7 13. Kh1 Nb6 14. Ne3 h5 15. a4 h4 16. a5 Nbd7 17. Nc4 Nh5 18. Ne4 Ndf6 19. Bg5 Qxd5 20. Ncd6 Qxd1 21. Rfxd1 Nxe4 22. fxe4 Re5 23. Bxh4 Be6 24. Be1 Nf4 25. Bf3 g5 26. g3 Ng6 27. Bc3 Rc5 28. Nxb7 Rc7 29. e5 Nxe5 30. Bxe5 Bxe5 31. Nd8 Rac8 32. Nxe6 fxe6 33. Bg4 Re8 34. Rab1 Kg7 35. Rd2 Ree7 36. b4 Rc4 37. Be2 Re4 38. Bf3 Rd4 39. Rxd4 Bxd4 40. b5 e5 41. Be4 Re6 42. Rd1 Re7 43. Rc1 Rf7 44. Kg2 g4 45. Rc2 Kh6 46. Ra2 Kg5 47. h4+ gxh3+ 48. Kxh3 Rf2 49. Ra4 Rf7 50. Rc4 Rf8 51. Rc7 Rh8+ 52. Kg2 Rf8 53. b6 axb6 54. a6 b5 55. a7 Rf2+ 56. Kh3 Bxa7 57. Rxa7 Re2 58. Bd3 Rd2 59. Bxb5 e4 60. Re7 Kf5 61. Bc6 Rd4 62. Rxe4 Rxe4 63. Bxe4+ 1-0


[Site "http://www.Chess.com"]

[Event "FIDE World Rapid Chess Championship 2021"]
[White "Dziuba, Marcin"]
[Black "Ter-Sahakyan, Samvel"]
[WhiteFideId "1112953"]
[BlackFideId "13302531"]
[WhiteElo "2424"]
[BlackElo "2573"]
[Result "1/2-1/2"]
[Round "08"]
[TimeControl "900+10"]
[Date "2021.12.27"]
[WhiteClock "0:00:00"]
[BlackClock "0:02:09"]

1. d4 Nf6 2. c4 e6 3. Nf3 d5 4. e3 b6 5. Nbd2 Bd6 6. b3 O-O 7. Bb2 Bb7 8. Bd3 Nbd7 9. O-O Ne4 10. Qc2 f5 11. Ne5 Bxe5 12. dxe5 Ndc5 13. Nxe4 dxe4 14. Be2 Qg5 15. Ba3 f4 16. exf4 Qxf4 17. Bxc5 bxc5 18. Qc3 Rad8 19. Rad1 Rxd1 20. Bxd1 Rf5 21. Be2 Bc6 22. g3 Qg5 23. Qe3 Qe7 24. f4 exf3 25. Bxf3 Qf7 26. Bg2 Rxf1+ 27. Bxf1 Qf5 28. Bd3 Qg4 29. Be2 Qf5 30. Bd3 Qg4 31. Be2 Qf5 32. Bd3 1/2-1/2


[Site "http://www.Chess.com"]